 Dungeon Sprint DCSS version 0.31.0-12-g77e489cdc1 (webtiles) character file.

Game seed: 5651489444202788255

5000000 BigDaddyOpFi the Intangible (level 27, -22/228 HPs)
             Began as a Djinni Conjurer on Feb 22, 2024.
             Killed by the air
             ... invoked by a tyrant
              (52 damage)
             ... in the Dungeon (Sprint VIII: "Arena of Blood").
             The game lasted 00:02:39 (50 turns).

BigDaddyOpFi the Intangible (Djinni Conjurer)         Turns: 50, Time: 00:02:39

Health: -22/228    AC:  4    Str: 10    XL:     27
Gold:   0          EV: 26    Int: 28    God:
                   SH:  0    Dex: 14

rFire   + + .        g - +∞ Axe of Woe
rCold   x . .        (shield currently unavailable)
rNeg    . . .        a - +0 robe
rPois   ∞            (no helmet)
rElec   .            (no cloak)
rCorr   .            (no gloves)
SInv    .            (boots unavailable)
Will    ++...        (no amulet)
Stlth   +++++++++    (no ring)
HPRegen 0.58/turn    (no ring)
MPRegen 0.00/turn

%: no teleportation, infuse magic (-23 HP)
@: flying
A: sickness immunity, fire resistance 2, cold vulnerability 1, float, innate
caster, HP casting, extra vitality 1
a: no special abilities


You were in the Dungeon.
You visited 1 branch

Inventory:

Hand Weapons
 g - the +∞ Axe of Woe (weapon)
   (You found it in the Dungeon)
Armour
 a - a +0 robe (worn)
Potions
 b - a potion of curing
 c - a potion of heal wounds
 d - a potion of haste
 e - a potion of berserk rage


   Skills:
 O Level 27 Fighting
 + Level 13.6(15.9) Short Blades
 + Level 13.6(15.9) Long Blades
 O Level 27 Axes
 O Level 27 Maces & Flails
 O Level 27 Polearms
 O Level 27 Staves
 + Level 12.6 Ranged Weapons
 + Level 12.6 Throwing
 O Level 27 Armour
 O Level 27 Dodging
 O Level 27 Stealth
 O Level 27 Shields
 O Level 27 Unarmed Combat
 O Level 27 Spellcasting
 O Level 27 Conjurations
 O Level 27 Hexes
   Level 0.0 Charms
 O Level 27 Summonings
 O Level 27 Necromancy
 O Level 27 Translocations
   Level 0.0 Transmutations
 O Level 27 Fire Magic
 O Level 27 Ice Magic
 O Level 27 Air Magic
 O Level 27 Earth Magic
 O Level 27 Alchemy
 O Level 27 Invocations
 O Level 27 Evocations
 O Level 27 Shapeshifting


You knew the following spells:

 Your Spells              Type           Power      Damage    Failure   Level
a - Magic Dart            Conj           100%       1d8       0%          1
b - Searing Ray           Conj           100%       2d8       0%          2
c - Fulminant Prism       Conj/Alch      56%        3d24      0%          4
d - Iskenderun's Mystic   Conj/Tloc      100%       2d19      0%          4
e - Summon Small Mammal   Summ           100%       N/A       0%          1
f - Scorch                Fire           100%       2d9       0%          2
g - Mercury Vapours       Alch/Air       100%       N/A       0%          2
h - Sticky Flame          Fire/Alch      100%       2d15      0%          4
i - Cause Fear            Hex            56%        N/A       0%          4
j - Curse of Agony        Necr           100%       N/A       0%          5
k - Conjure Ball Lightni  Conj/Air       56%        3x3d20    0%          6
l - Summon Cactus Giant   Summ           56%        N/A       0%          6
m - Starburst             Conj/Fire      56%        6d15      0%          6
n - Summon Horrible Thin  Summ           56%        N/A       1%          8
o - Enfeeble              Hex            56%        N/A       0%          7
p - Lehudib's Crystal Sp  Conj/Erth      56%        10d13     1%          8
q - Shatter               Erth           56%        3d42*     1%          9
Your spell library was empty.

Dungeon Overview and Level Annotations

Branches:
Dungeon (1/1)

Altars:
Makhleb


Innate Abilities, Weirdness & Mutations

You are immune to sickness and miasma.
You are immune to poison.
Your flesh is very heat resistant. (rF++)
You are vulnerable to cold. (rC-)
You float through the air rather than walking.
You learn spells naturally, not from books.
Your magical power is your life essence.
You have superior vitality. (+4 MHP)


Message History

Your Ranged Weapons skill gained 7 levels and is now at level 7!
Your Throwing skill gained 7 levels and is now at level 7!
Unknown command.
You hit the meat berserker but do no damage.
You hew the meat berserker violently.
You kill the meat berserker!
You slice the meat berserker!!
You pulverise the meat berserker into a thin bloody mist.
You kill the meat berserker!
You slash the meat berserker!
You pulverise the meat berserker into a thin bloody mist.
You kill the meat berserker!
The accursed appears out of thin air!
An accursed comes into view.
The destroyer points at you and mumbles some strange words.
The destroyer blinks!
A meat berserker comes into view. It is wielding a +9 battleaxe.
A bag of meat comes into view. It is wielding a +9 war axe. x2
The bag of meat is engulfed in blazing flames.
The destroyer gestures at you while chanting.
The destroyer blinks!
Your base Short Blades skill gained 5 levels and is now at level 13!
Your base Long Blades skill gained 5 levels and is now at level 13!
Your Ranged Weapons skill gained 5 levels and is now at level 12!
Your Throwing skill gained 5 levels and is now at level 12!
Unknown command.
Unknown command.
The bag of meat shouts!
You slice the bag of meat!!
You butcher the bag of meat messily.
You kill the bag of meat!
You hear a shout! x2
The meat berserker rages.
The bag of meat is engulfed in blazing flames.
The destroyer is engulfed in blazing flames.
The destroyer points at you and mumbles some strange words.
The destroyer blinks!
A sculptor of flesh comes into view. It is wielding a +9 great sword.
The tyrant waves its bony arms in wide circles.
The air twists around and strikes you!!!
You die...

#.. ...# #......###..o
.oz###. .
o...V.......###o.....z.
.o.o#.oo....._..oO. ...
..#z.oz...#§§.z.# ....
.O.o.D.o..#_oOo_# .....
. #.ooVoV.#§o§z§#......
.z.o#.))).o.Mo°○o......
....O..@V.o.###§§......
......)###ooo..V°###...
....... #.o.....# ..
....... #V O...o#
#V..... ...O.....
o#.#... ..o....V...
#L#....


oo........ X#.#..z You could see an accursed, a tyrant, an eight-headed meat
hydra, 5 destroyers, 6 sculptors of flesh, a large abomination (summoned), 3
meat berserkers and 23 bags of meat.

Vanquished Creatures
  9 vampire knights (D)
  18 ogres (D)
  4 two-headed ogres (D)
  57 orcs (D)
  A skeletal warrior (D)
89 creatures vanquished.

Notes
Turn   | Place    | Note
-------+----------+-------------------------------------------
     0 | D        | Found the +∞ Axe of Woe
     0 | D        | BigDaddyOpFi the Djinni Conjurer began the quest for the
                  | Orb.
     0 | D        | BigDaddyOpFi set off with the following spells memorised:
                  | Magic Dart, Searing Ray, Fulminant Prism, Iskenderun's
                  | Mystic Blast.
     0 | D        | Reached XP level 1. HP: 15/15 MP: 0/0
     3 | D        | Noticed a bag of meat
     3 | D        | Noticed a bag of meat
     6 | D        | Noticed a bag of meat
     6 | D        | Noticed a bag of meat
     7 | D        | Noticed a bag of meat
     8 | D        | Noticed a bag of meat
     8 | D        | Noticed a bag of meat
     9 | D        | Noticed a bag of meat
    10 | D        | Noticed a meat berserker
    10 | D        | Noticed a bag of meat
    10 | D        | Noticed a bag of meat
    10 | D        | Noticed a bag of meat
    11 | D        | Noticed a bag of meat
    11 | D        | Noticed a bag of meat
    11 | D        | Noticed a bag of meat
    11 | D        | Noticed a bag of meat
    12 | D        | Noticed a meat berserker
    12 | D        | Killed a bag of meat
    12 | D        | Killed a bag of meat
    12 | D        | Killed a bag of meat
    12 | D        | Noticed a bag of meat
    12 | D        | Noticed a bag of meat
    12 | D        | Noticed a bag of meat
    13 | D        | Reached XP level 2. HP: 40/40 MP: 0/0
    13 | D        | Reached XP level 3. HP: 45/45 MP: 0/0
    13 | D        | Learned a level 1 spell: Summon Small Mammal
    13 | D        | Reached XP level 4. HP: 51/51 MP: 0/0
    13 | D        | Reached XP level 5. HP: 57/57 MP: 0/0
    13 | D        | Learned a level 2 spell: Scorch
    13 | D        | Reached XP level 6. HP: 63/63 MP: 0/0
    13 | D        | Reached XP level 7. HP: 68/68 MP: 0/0
    13 | D        | Learned a level 2 spell: Mercury Vapours
    13 | D        | Reached XP level 8. HP: 75/75 MP: 0/0
    13 | D        | Reached XP level 9. HP: 80/80 MP: 0/0
    13 | D        | Learned a level 4 spell: Sticky Flame
    13 | D        | Reached XP level 10. HP: 86/86 MP: 0/0
    13 | D        | Reached XP level 11. HP: 92/92 MP: 0/0
    13 | D        | Learned a level 4 spell: Cause Fear
    13 | D        | Reached XP level 12. HP: 98/98 MP: 0/0
    13 | D        | Reached XP level 13. HP: 103/103 MP: 0/0
    13 | D        | Learned a level 5 spell: Curse of Agony
    13 | D        | Noticed a bag of meat
    13 | D        | Killed a meat berserker
    13 | D        | Killed a bag of meat
    13 | D        | Killed a bag of meat
    13 | D        | Noticed a bag of meat
    14 | D        | Reached skill level 15 in Fighting
    14 | D        | Reached skill level 15 in Armour
    14 | D        | Reached skill level 15 in Spellcasting
    14 | D        | Reached skill level 15 in Conjurations
    14 | D        | Reached skill level 15 in Hexes
    14 | D        | Reached skill level 15 in Summonings
    14 | D        | Reached skill level 15 in Necromancy
    14 | D        | Reached skill level 15 in Translocations
    14 | D        | Reached skill level 15 in Fire Magic
    14 | D        | Reached skill level 15 in Ice Magic
    14 | D        | Reached skill level 15 in Air Magic
    14 | D        | Reached skill level 15 in Earth Magic
    14 | D        | Reached skill level 15 in Alchemy
    14 | D        | Reached XP level 14. HP: 115/115 MP: 0/0
    14 | D        | Killed a bag of meat
    14 | D        | Killed a bag of meat
    14 | D        | Killed a bag of meat
    14 | D        | Noticed a bag of meat
    14 | D        | Noticed a bag of meat
    14 | D        | Noticed a bag of meat
    15 | D        | Reached XP level 15. HP: 124/124 MP: 0/0
    15 | D        | Learned a level 6 spell: Conjure Ball Lightning
    15 | D        | Killed a meat berserker
    15 | D        | Noticed a meat berserker
    16 | D        | Reached XP level 16. HP: 136/136 MP: 0/0
    16 | D        | Noticed a meat berserker
    17 | D        | Reached XP level 17. HP: 143/143 MP: 0/0
    17 | D        | Learned a level 6 spell: Summon Cactus Giant
    19 | D        | Noticed a destroyer
    19 | D        | Noticed a destroyer
    19 | D        | Noticed a meat berserker
    19 | D        | Noticed a large bag of meat
    20 | D        | Reached XP level 18. HP: 155/155 MP: 0/0
    20 | D        | Killed a meat berserker
    20 | D        | Noticed a meat berserker
    21 | D        | Killed a meat berserker
    21 | D        | Noticed a meat berserker
    22 | D        | Reached XP level 19. HP: 166/166 MP: 0/0
    22 | D        | Learned a level 6 spell: Starburst
    22 | D        | Noticed a destroyer
    22 | D        | Noticed a destroyer
    22 | D        | Noticed a meat berserker
    23 | D        | Killed a destroyer
    23 | D        | Noticed a destroyer
    24 | D        | Reached skill level 27 in Dodging
    24 | D        | Reached XP level 20. HP: 176/176 MP: 0/0
    24 | D        | Killed a destroyer
    25 | D        | Killed a destroyer
    25 | D        | Killed a meat berserker
    25 | D        | Noticed a large bag of meat
    26 | D        | Reached skill level 27 in Fighting
    26 | D        | Reached skill level 27 in Armour
    26 | D        | Reached skill level 27 in Spellcasting
    26 | D        | Reached skill level 27 in Conjurations
    26 | D        | Reached skill level 27 in Hexes
    26 | D        | Reached skill level 27 in Summonings
    26 | D        | Reached skill level 27 in Necromancy
    26 | D        | Reached skill level 27 in Translocations
    26 | D        | Reached skill level 27 in Fire Magic
    26 | D        | Reached skill level 27 in Ice Magic
    26 | D        | Reached skill level 27 in Air Magic
    26 | D        | Reached skill level 27 in Earth Magic
    26 | D        | Reached skill level 27 in Alchemy
    26 | D        | Noticed a large bag of meat
    26 | D        | Noticed a meat berserker
    26 | D        | Killed a destroyer
    26 | D        | Noticed a meat berserker
    27 | D        | Reached skill level 27 in Axes
    27 | D        | Reached skill level 27 in Stealth
    27 | D        | Reached XP level 21. HP: 187/187 MP: 0/0
    27 | D        | Learned a level 8 spell: Summon Horrible Things
    27 | D        | Noticed a destroyer
    27 | D        | Noticed a meat berserker
    27 | D        | Killed a meat berserker
    27 | D        | Killed a meat berserker
    28 | D        | Noticed a meat berserker
    28 | D        | Noticed a meat berserker
    29 | D        | Reached XP level 22. HP: 194/194 MP: 0/0
    29 | D        | Killed a large bag of meat
    29 | D        | Killed a destroyer
    30 | D        | Reached skill level 15 in Shapeshifting
    30 | D        | Killed a meat berserker
    31 | D        | Noticed a destroyer
    31 | D        | Noticed a destroyer
    32 | D        | Killed a meat berserker
    33 | D        | Reached XP level 23. HP: 168/201 MP: 0/0
    33 | D        | Learned a level 7 spell: Enfeeble
    36 | D        | Reached skill level 27 in Shields
    36 | D        | Reached skill level 27 in Invocations
    36 | D        | Reached skill level 27 in Evocations
    36 | D        | Reached XP level 24. HP: 163/208 MP: 0/0
    36 | D        | Noticed a destroyer
    37 | D        | Reached skill level 27 in Shapeshifting
    37 | D        | Killed a large bag of meat
    37 | D        | Noticed a large bag of meat
    39 | D        | Reached XP level 25. HP: 145/214 MP: 0/0
    39 | D        | Learned a level 8 spell: Lehudib's Crystal Spear
    40 | D        | Killed a destroyer
    40 | D        | Killed a destroyer
    42 | D        | Reached XP level 26. HP: 88/221 MP: 0/0
    42 | D        | Killed a large bag of meat
    43 | D        | Reached skill level 27 in Unarmed Combat
    43 | D        | Noticed a destroyer
    43 | D        | Noticed a destroyer
    44 | D        | Killed a large bag of meat
    45 | D        | Reached skill level 27 in Maces & Flails
    45 | D        | Reached skill level 27 in Polearms
    45 | D        | Noticed a destroyer
    45 | D        | Noticed a destroyer
    45 | D        | Noticed a tyrant
    47 | D        | Reached XP level 27. HP: 29/228 MP: 0/0
    47 | D        | Learned a level 9 spell: Shatter
    48 | D        | Noticed an accursed
    48 | D        | Killed a destroyer
    48 | D        | Killed a destroyer
    48 | D        | Noticed a destroyer
    48 | D        | Noticed a destroyer
    49 | D        | Reached skill level 27 in Staves
    50 | D        | Noticed an accursed
    50 | D        | Killed from afar by a tyrant

Illustrated notes

Levels and vault maps discovered:
D:        meatsprint

Skill      XL: |  1  2  3  4  5  6  7  8  9 10 11 12 13 14 15 16 17 18 19 20 21 22 23 24 25 26 27 |
---------------+----------------------------------------------------------------------------------+-----
Fighting       | 13 15 17 19 20 22 23 25 27 | 27.0
Axes           | 11 13 14 16 17 19 20 22 27 | 27.0
Armour         | 13 15 17 19 20 22 23 25 27 | 27.0
Dodging        | 14 17 18 21 24 25 27 | 27.0
Stealth        | 12 14 16 18 20 22 23 27 | 27.0
Spellcasting   | 13 15 17 19 20 22 23 25 27 | 27.0
Conjurations   | 13 15 17 19 20 22 23 25 27 | 27.0
Hexes          | 13 15 17 19 20 22 23 25 27 | 27.0
Summonings     | 13 15 17 19 20 22 23 25 27 | 27.0
Necromancy     | 13 15 17 19 20 22 23 25 27 | 27.0
Translocations | 13 15 17 19 20 22 23 25 27 | 27.0
Fire Magic     | 13 15 17 19 20 22 23 25 27 | 27.0
Ice Magic      | 13 15 17 19 20 22 23 25 27 | 27.0
Air Magic      | 13 15 17 19 20 22 23 25 27 | 27.0
Earth Magic    | 13 15 17 19 20 22 23 25 27 | 27.0
Alchemy        | 13 15 17 19 20 22 23 25 27 | 27.0
Shields        | 9 14 22 27 | 27.0
Invocations    | 9 14 22 27 | 27.0
Evocations     | 9 14 22 27 | 27.0
Shapeshifting  | 7 12 19 25 27 | 27.0
Maces & Flails | 14 22 27 | 27.0
Polearms       | 14 22 27 | 27.0
Unarmed Combat | 17 26 27 | 27.0
Staves         | 20 27 | 27.0
Short Blades   | 13 | 13.6
Long Blades    | 13 | 13.6
Ranged Weapons | 12 | 12.6
Throwing       | 12 | 12.6

Action                     |  1- 3 |  4- 6 |  7- 9 | 10-12 | 13-15 | 16-18 | 19-21 | 22-24 | 25-27 || total
---------------------------+-------+-------+-------+-------+-------+-------+-------+-------+-------++-------
  Melee: Executioner's axe |     1 |       |       |       |     3 |     6 |     7 |     9 |    10 ||    36
    Use: Scroll            |       |       |       |       |       |       |       |       |     1 ||     1
 Armour: Robe              |       |       |       |       |       |       |       |    12 |     9 ||    21
